 Dungeon Crawl Stone Soup version 0.23.2-1-ga50397a (webtiles) character file.

Game seed: 12049762699809802862

6126 esteth the Thaumaturge (level 10, -7/75 HPs)
             Began as a Gnoll Wizard on May 26, 2019.
             Was a Follower of Ashenzari.
             Mangled by a porcupine (11 damage)
             ... on level 10 of the Dungeon.
             The game lasted 00:26:37 (11957 turns).

esteth the Thaumaturge (Gnoll Wizard)              Turns: 11957, Time: 00:26:38

Health: -7/75      AC:  9    Str:  8 (11) XL:     10   Next: 89%
Magic:  17/23      EV: 15    Int: 21 (23) God:    Ashenzari [*.....]
Gold:   406        SH:  0    Dex: 11 (13) Spells: 9/27 levels left

rFire    + . .     SeeInvis .   A - +3 whip (elec)
rCold    + . .     Gourm    .   (no shield)
rNeg     . . .     Faith    .   a - +0 robe
rPois    +         Spirit   .   q - +2 helmet (curse)
rElec    +         Reflect  .   (no cloak)
rCorr    +         Harm     .   w - +0 pair of gloves (curse)
MR       .....                  j - +1 pair of boots (curse)
Stlth    +++.......             (no amulet)
HPRegen  0.22/turn              (no ring)
MPRegen  0.18/turn              (no ring)

@: resistant (expiring), very slightly contaminated
A: distributed training, fangs 1, strong nose
a: Curse Item, Scrying, Renounce Religion


You were on level 10 of the Dungeon.
You worshipped Ashenzari.
Ashenzari was aware of your devotion.
You were hungry.

You visited 1 branch of the dungeon, and saw 10 of its levels.

You collected 406 gold pieces.

Inventory:

Hand Weapons
 c - a +0 short sword
 o - a +2 shortbow of velocity
 p - a +0 trident
 s - a +2 flail of protection
 A - a +3 whip of electrocution (weapon)
Missiles
 C - 20 arrows (quivered)
Armour
 a - a +0 robe (worn)
 b - a +0 hat
 j - a cursed +1 pair of boots (worn)
 m - a +2 hat
 q - a cursed +2 helmet (worn)
 w - a cursed +0 pair of gloves (worn)
Wands
 l - a wand of scattershot (11)
 r - a wand of flame (8)
 D - a wand of acid (7)
Scrolls
 e - a scroll of amnesia
 h - 8 scrolls of identify
 n - 4 scrolls of teleportation
 v - a scroll of enchant weapon
 y - 4 scrolls of remove curse
Potions
 k - a potion of flight
 t - a potion of resistance
 u - a potion of ambrosia
Comestibles
 d - 15 rations


   Skills:
 + Level 5.6 Fighting
 + Level 5.6 Short Blades
 + Level 5.6 Long Blades
 + Level 5.6 Axes
 + Level 5.6 Maces & Flails
 + Level 5.6 Polearms
 + Level 5.6 Staves
 + Level 5.6 Slings
 + Level 5.6 Bows
 + Level 5.6 Crossbows
 + Level 5.6 Throwing
 + Level 5.6 Armour
 + Level 7.3 Dodging
 + Level 7.1 Stealth
 + Level 5.6 Shields
 + Level 5.6 Unarmed Combat
 + Level 9.2 Spellcasting
 + Level 5.1 Conjurations
 + Level 4.6 Hexes
 + Level 4.6 Charms
 + Level 5.1 Summonings
 + Level 4.6 Necromancy
 + Level 5.1 Translocations
 + Level 4.6 Transmutations
 + Level 4.6 Fire Magic
 + Level 4.6 Ice Magic
 + Level 4.6 Air Magic
 + Level 4.6 Earth Magic
 + Level 4.6 Poison Magic
 + Level 6.1 Invocations
 + Level 5.6 Evocations


You had 9 spell levels left.
You knew the following spells:

 Your Spells              Type           Power        Failure   Level  Hunger
a - Magic Dart            Conj           ####         1%          1    None
b - Blink                 Tloc           N/A          1%          2    None
c - Call Imp              Summ           ####....     1%          2    None
d - Conjure Flame         Conj/Fire      ####....     2%          3    None
e - Mephitic Cloud        Conj/Pois/Air  ####....     3%          3    None
f - Dazzling Spray        Conj/Hex       ####..       2%          3    None
g - Iskenderun's Mystic   Conj           ####....     9%          4    ##.....

Your spell library contained the following spells:

 Spells                   Type           Power        Failure   Level  Hunger
 Searing Ray              Conj           ####..       1%          2    None
 Slow                     Hex            ####....     1%          2    None
 Force Lance              Conj/Tloc      ####....     9%          4    ##.....
 Fulminant Prism          Conj/Hex       ####......   10%         4    ##.....


Dungeon Overview and Level Annotations

Branches:
Dungeon (10/15)            Temple (0/1) D:6            Lair (0/6) D:10
    Orc (0/2) D:10

Altars:
Ashenzari
Elyvilon
Hepliaklqana
The Shining One


Innate Abilities, Weirdness & Mutations

Your experience applies equally to all skills.
You have very sharp teeth.
Your uncanny sense of smell can sniff out nearby items.


Message History

You feel a little less clever now.
Casting: Magic Dart (safe; 1% risk of failure)
Confirm with . or Enter, or press ? or * to list all spells.
A beastly little devil appears in a puff of frigid air.
The orc wizard shouts!
The orc wizard points at you and mumbles some strange words.
The magic dart hits you but does no damage.
The porcupine bites your white imp!
Casting: Call Imp (safe; 1% risk of failure)
Confirm with . or Enter, or press ? or * to list all spells.
A beastly little devil appears in a puff of frigid air.
You start to feel less resistant.
The porcupine misses your white imp. The porcupine bites your white imp!
Your white imp dies!
Casting: Call Imp (safe; 1% risk of failure)
Confirm with . or Enter, or press ? or * to list all spells.
A beastly little devil appears in a puff of flame.
The orc wizard casts a spell.
The orc wizard blinks!
The porcupine bites you!
You die...

#...........#
#............
#.......(>...
#............
#...o...PP...
#.5...P.....P
#.r..P..PPP.P
#@r....P..PPP
###5..P.P.PP.
#..P.P.P.PP
#..P.PP.PPP.
#....P.PP..P


#.PPP.P..PPP #P.PPPP.>P.. #.PPPP.PP.P. You could see 2 porcupines, an orc
wizard, a friendly crimson imp and a friendly white imp.

Vanquished Creatures
  Harold (D:7)
  Pikel (D:7)
  A troll (D:8)
  A hippogriff (D:9)
  4 yaks (D:9)
  2 wyverns
  A water moccasin (D:5)
  A hornet zombie (D:8)
  3 phantoms
  3 sky beasts (D:8)
  An orc warrior (D:8)
  4 slaves (D:6)
  8 ogres
  3 necrophages
  2 centaurs
  4 bullfrogs
  A scorpion (D:9)
  3 killer bees (D:8)
  4 wights (D:8)
  2 howler monkeys
  A crimson imp (D:7)
  A bullfrog zombie (D:8)
  A bullfrog skeleton (D:7)
  2 jellies (D:9)
  4 orc priests
  4 hounds
  8 orc wizards
  A centaur skeleton (D:8)
  An iguana (D:5)
  4 worker ants
  A mummy (D:8)
  A howler monkey zombie (D:8)
  7 adders
  3 gnolls (D:9)
  A howler monkey skeleton (D:7)
  2 shadow imps
  An ooze (D:7)
  An adder zombie (D:7)
  2 adder skeletons
  A worm (D:5)
  2 dart slugs (D:1)
  A leopard gecko (D:4)
  33 orcs
  A ball python (D:2)
  6 bats
  4 giant cockroaches
  8 goblins
  8 hobgoblins
  14 jackals
  5 quokkas
  5 frilled lizards
  6 kobolds
  A leopard gecko skeleton (D:6)
  9 rats
200 creatures vanquished.

Vanquished Creatures (collateral kills)
  Edmund (D:4)
  An orc wizard (D:10)
  An orc priest (D:10)
  An iguana (D:4)
  An orc (D:10)
5 creatures vanquished.

Vanquished Creatures (others)
  A wyvern (D:10)
  8 fungi (D:10)
9 creatures vanquished.

Grand Total: 214 creatures vanquished

Notes
Turn   | Place    | Note
-------+----------+-------------------------------------------
     0 | D:1      | esteth the Gnoll Wizard began the quest for the Orb.
     0 | D:1      | Reached XP level 1. HP: 13/13 MP: 8/8
    63 | D:1      | Reached XP level 2. HP: 16/19 MP: 1/10
   358 | D:1      | Reached XP level 3. HP: 25/25 MP: 9/11
   710 | D:1      | Reached skill level 1 in Invocations
  1149 | D:2      | Reached skill level 1 in Fighting
  1149 | D:2      | Reached skill level 1 in Short Blades
  1149 | D:2      | Reached skill level 1 in Long Blades
  1149 | D:2      | Reached skill level 1 in Axes
  1149 | D:2      | Reached skill level 1 in Maces & Flails
  1149 | D:2      | Reached skill level 1 in Polearms
  1149 | D:2      | Reached skill level 1 in Staves
  1149 | D:2      | Reached skill level 1 in Slings
  1149 | D:2      | Reached skill level 1 in Bows
  1149 | D:2      | Reached skill level 1 in Crossbows
  1149 | D:2      | Reached skill level 1 in Throwing
  1149 | D:2      | Reached skill level 1 in Armour
  1149 | D:2      | Reached skill level 1 in Shields
  1149 | D:2      | Reached skill level 1 in Unarmed Combat
  1149 | D:2      | Reached skill level 1 in Evocations
  1170 | D:2      | Reached XP level 4. HP: 23/32 MP: 13/13
  1403 | D:2      | HP: 1/32 [orc wizard/puff of flame (9)]
  1448 | D:2      | Reached skill level 1 in Hexes
  1448 | D:2      | Reached skill level 1 in Charms
  1448 | D:2      | Reached skill level 1 in Necromancy
  1448 | D:2      | Reached skill level 1 in Transmutations
  1448 | D:2      | Reached skill level 1 in Fire Magic
  1448 | D:2      | Reached skill level 1 in Ice Magic
  1448 | D:2      | Reached skill level 1 in Air Magic
  1448 | D:2      | Reached skill level 1 in Earth Magic
  1448 | D:2      | Reached skill level 1 in Poison Magic
  1451 | D:2      | Reached XP level 5. HP: 5/37 MP: 9/14
  1715 | D:2      | Learned a level 2 spell: Blink
  1718 | D:2      | Learned a level 2 spell: Call Imp
  1722 | D:2      | Learned a level 3 spell: Conjure Flame
  1726 | D:2      | Learned a level 3 spell: Mephitic Cloud
  2713 | D:4      | Reached XP level 6. HP: 18/44 MP: 12/16
  3036 | D:4      | Found a shattered altar of Ashenzari.
  3134 | D:4      | Noticed Edmund
  3137 | D:4      | Became a worshipper of Ashenzari the Shackled
  3182 | D:4      | Killed Edmund
  3182 | D:4      | Reached skill level 5 in Dodging
  3570 | D:4      | Reached XP level 7. HP: 39/50 MP: 15/18
  3938 | D:4      | Found a glowing golden altar of the Shining One.
  3960 | D:5      | Entered Level 5 of the Dungeon
  4324 | D:5      | Learned a level 3 spell: Dazzling Spray
  4680 | D:5      | Reached skill level 5 in Stealth
  5872 | D:6      | Reached XP level 8. HP: 57/57 MP: 9/19
  6020 | D:6      | Found a staircase to the Ecumenical Temple.
  6133 | D:6      | Learned a level 4 spell: Iskenderun's Mystic Blast
  6944 | D:7      | Found a white marble altar of Elyvilon.
  7106 | D:6      | Reached skill level 8 in Spellcasting
  7637 | D:7      | Noticed Harold
  7653 | D:7      | Killed Harold
  7653 | D:7      | Reached XP level 9. HP: 60/65 MP: 7/21
  7662 | D:7      | Noticed Pikel
  8072 | D:7      | Killed Pikel
  8514 | D:7      | Reached skill level 5 in Invocations
  8833 | D:8      | Reached * piety under Ashenzari
  9072 | D:8      | Reached XP level 10. HP: 70/72 MP: 22/22
  9190 | D:8      | Found a shattered altar of Ashenzari.
  9673 | D:8      | Reached skill level 5 in Fighting
  9673 | D:8      | Reached skill level 5 in Short Blades
  9673 | D:8      | Reached skill level 5 in Long Blades
  9673 | D:8      | Reached skill level 5 in Axes
  9673 | D:8      | Reached skill level 5 in Maces & Flails
  9673 | D:8      | Reached skill level 5 in Polearms
  9673 | D:8      | Reached skill level 5 in Staves
  9673 | D:8      | Reached skill level 5 in Slings
  9673 | D:8      | Reached skill level 5 in Bows
  9673 | D:8      | Reached skill level 5 in Crossbows
  9673 | D:8      | Reached skill level 5 in Throwing
  9673 | D:8      | Reached skill level 5 in Armour
  9673 | D:8      | Reached skill level 5 in Shields
  9673 | D:8      | Reached skill level 5 in Unarmed Combat
  9673 | D:8      | Reached skill level 5 in Evocations
 10473 | D:8      | Found a hazy altar of Hepliaklqana.
 10664 | D:8      | Reached skill level 9 in Spellcasting
 11224 | D:9      | Reached skill level 5 in Conjurations
 11224 | D:9      | Reached skill level 5 in Summonings
 11224 | D:9      | Reached skill level 5 in Translocations
 11864 | D:10     | Entered Level 10 of the Dungeon
 11882 | D:10     | Identified the cursed +0 ring mail "Xossen" {MR++}
 11886 | D:10     | Found a staircase to the Orcish Mines.
 11942 | D:10     | HP: 1/75 [warg (6)]
 11950 | D:10     | Found a staircase to the Lair.
 11957 | D:10     | Mangled by a porcupine

Skill      XL: |  1  2  3  4  5  6  7  8  9 10 |
---------------+-------------------------------+-----
Conjurations   | 2 3 4 5 |  5.1
Summonings     | 2 3 4 5 |  5.1
Translocations | 2 3 4 5 |  5.1
Invocations    | 1 2 3 4 5 6 |  6.1
Fighting       | 1 2 4 5 |  5.6
Short Blades   | 1 2 4 5 |  5.6
Long Blades    | 1 2 4 5 |  5.6
Axes           | 1 2 4 5 |  5.6
Maces & Flails | 1 2 4 5 |  5.6
Polearms       | 1 2 4 5 |  5.6
Staves         | 1 2 4 5 |  5.6
Slings         | 1 2 4 5 |  5.6
Bows           | 1 2 4 5 |  5.6
Crossbows      | 1 2 4 5 |  5.6
Throwing       | 1 2 4 5 |  5.6
Armour         | 1 2 4 5 |  5.6
Shields        | 1 2 4 5 |  5.6
Unarmed Combat | 1 2 4 5 |  5.6
Evocations     | 1 2 4 5 |  5.6
Hexes          | 1 2 3 4 |  4.6
Charms         | 1 2 3 4 |  4.6
Necromancy     | 1 2 3 4 |  4.6
Transmutations | 1 2 3 4 |  4.6
Fire Magic     | 1 2 3 4 |  4.6
Ice Magic      | 1 2 3 4 |  4.6
Air Magic      | 1 2 3 4 |  4.6
Earth Magic    | 1 2 3 4 |  4.6
Poison Magic   | 1 2 3 4 |  4.6
Dodging        | 5 6 7 |  7.3
Stealth        | 5 6 7 |  7.1
Spellcasting   | 8 9 |  9.2

Action                   |  1- 3 |  4- 6 |  7- 9 | 10-12 || total
-------------------------+-------+-------+-------+-------++-------
Melee: Short sword       |    83 |    43 |       |       ||   126
       Bite              |     5 |     5 |    32 |    24 ||    66
       Trident           |       |    61 |   278 |       ||   339
       Flail             |       |    16 |     8 |       ||    24
       Punch             |       |       |     7 |     5 ||    12
       Whip              |       |       |    65 |   207 ||   272
 Cast: Magic Dart        |    43 |    22 |    63 |    55 ||   183
       Call Imp          |       |     3 |     3 |    13 ||    19
       Mephitic Cloud    |       |     5 |     5 |     8 ||    18
       Conjure Flame     |       |     2 |     6 |     7 ||    15
       Dazzling Spray    |       |       |    30 |     1 ||    31
       Iskenderun's Myst |       |       |     8 |       ||     8
       Blink             |       |       |     1 |     2 ||     3
Invok: Curse Item        |       |       |     3 |       ||     3
  Use: Scroll            |     4 |     2 |     6 |     4 ||    16
       Potion            |       |     4 |     1 |     7 ||    12
 Stab: Sleeping          |     8 |     4 |    10 |     5 ||    27
       Confused          |       |       |     1 |     2 ||     3
  Eat: Chunk             |     1 |     7 |    11 |     6 ||    25
       Ration            |       |       |     2 |     1 ||     3
Armor: Robe              |    13 |    21 |   102 |    67 ||   203
       Skin              |       |       |     1 |       ||     1
Dodge: Dodged            |    92 |    68 |   257 |   185 ||   602
